 Dungeon Crawl Stone Soup version 0.29.1-4-g47bece8355 (webtiles) character file.

Game seed: 10664908360962541809

1 concernfroge the Trooper (level 1, -2/18 HPs)
             Began as a Mummy Monk on Dec 4, 2022.
             Slain by a jackal (3 damage)
             ... on level 1 of the Dungeon.
             The game lasted 00:00:45 (73 turns).

concernfroge the Trooper (Mummy Monk)                 Turns: 73, Time: 00:00:46

Health: -2/18      AC:  2    Str: 14    XL:     1   Next: 16%
Magic:  1/1        EV: 12    Int:  9    God:
Gold:   4          SH:  0    Dex: 14    Spells: 0/0 levels left

rFire   x . .      SeeInvis .   a - +0 spear
rCold   + . .      Faith    .   (no shield)
rNeg    + + +      Spirit   .   b - +0 robe
rPois   ∞          Reflect  .   (no helmet)
rElec   .          Harm     .   (no cloak)
rCorr   .          Rampage  .   (no gloves)
Will    .....                   (no boots)
Stlth   ++........              (no amulet)
HPRegen 0.06/turn               (no ring)
MPRegen 0.07/turn               (no ring)

@: no status effects
A: cold resistance 1, negative energy resistance 3, torment resistance 2, heat
vulnerability 1, no potions
a: no special abilities


You were on level 1 of the Dungeon.
You visited 1 branch of the dungeon, and saw 1 of its levels.

You collected 4 gold pieces.

Inventory:

Hand Weapons
 a - a +0 spear (weapon)
Missiles
 c - 5 poisoned darts (quivered)
Armour
 b - a +0 robe (worn)


   Skills:
 + Level 3.1 Fighting
 - Level 2.4 Polearms
 - Level 2.4 Dodging
 - Level 1.5 Stealth


You couldn't memorise any spells.
You didn't know any spells.
Your spell library was empty.

Dungeon Overview and Level Annotations

Branches:
Dungeon (1/15)

Altars:


Innate Abilities, Weirdness & Mutations

You are immune to poison.
Your flesh is cold resistant. (rC+)
You are immune to negative energy. (rN+++)
You are immune to unholy pain and torment.
You are vulnerable to heat. (rF-)
You do not drink.


Message History

You now have 4 gold pieces.
Found an escape hatch in the floor.
A quokka and a jackal come into view.
A jackal comes into view.
Found 5 boomerangs.
The quokka completely misses you.
The jackal barks!
You hear a bark!
The quokka misses you. The quokka bites you.
The quokka attacks as you move away! The quokka bites you.
The jackal attacks as you move away! The jackal barely misses you.
You closely miss the quokka. The quokka bites you.
The quokka barely misses you.
You hit the quokka.
The quokka is severely wounded.
The quokka barely misses you.
You barely miss the quokka.
The quokka is severely wounded.
The quokka barely misses you.
You hit the quokka.
You kill the quokka!
A jackal comes into view.
You closely miss the jackal.
The jackal barks!
The jackal bites you.
* * * LOW HITPOINT WARNING * * *
A jackal comes into view.
You hit the jackal.
The jackal is heavily wounded.
The jackal bites you.
* * * LOW HITPOINT WARNING * * *
You closely miss the jackal.
The jackal is heavily wounded.
The jackal closely misses you. x2
You barely miss the jackal.
The jackal is heavily wounded.
The jackal bites you but does no damage.
You barely miss the jackal.
The jackal is heavily wounded.
The jackal misses you. The jackal bites you.
You die...

.......# #.#
..####.###.# .## #.....#
.# ###.### .# #.# .# #.#
.# #.#
.#######.###############
.........#...hhh@.......
.#####........h#########
#..#####..# #..# #.....
#..# #.....# #..#
#..##h# #..# #... ...
#... ..(.. .. #># #..#


You could see 4 jackals.

Vanquished Creatures
  A quokka (D:1)
1 creature vanquished.

Vanquished Creatures (others)
  A minotaur (D:1)
  An octopode (D:1)
  A gargoyle (D:1)
  A vine stalker (D:1)
  A formicid (D:1)
  2 humans (D:1)
  2 nagas (D:1)
  2 ogres (D:1)
  3 orcs (D:1)
  A kobold (D:1)
  4 tentacles (D:1)
19 creatures vanquished.

Grand Total: 20 creatures vanquished

Notes
Turn   | Place    | Note
-------+----------+-------------------------------------------
     0 | D:1      | concernfroge the Mummy Monk began the quest for the Orb.
     0 | D:1      | Reached XP level 1. HP: 18/18 MP: 1/1
     2 | D:1      | Killed an ogre
     5 | D:1      | Noticed a naga
     5 | D:1      | Noticed a naga
     5 | D:1      | Noticed an octopode
     5 | D:1      | Noticed a human
     5 | D:1      | Noticed a gargoyle
     5 | D:1      | Noticed an ogre
     5 | D:1      | Noticed a kraken
     5 | D:1      | Noticed a vine stalker
     5 | D:1      | Noticed a human
     5 | D:1      | Noticed a formicid
     5 | D:1      | Noticed a minotaur
     7 | D:1      | Killed a human
     8 | D:1      | Killed an ogre
     9 | D:1      | Killed a naga
     9 | D:1      | Killed a formicid
    10 | D:1      | Killed an octopode
    13 | D:1      | Killed a minotaur
    14 | D:1      | Killed a naga
    15 | D:1      | Killed a gargoyle
    15 | D:1      | Killed a vine stalker
    16 | D:1      | Killed a human
    73 | D:1      | Slain by a jackal

Illustrated notes

Levels and vault maps discovered:
D:1:      nicolae_arrival_kraken_aquarium_b, layout_loops_ring,
          hellmonk_ecumenical_altar_run_dry

Action                   || total
-------------------------++-------
Melee: Spear             ||     9
Armor: Robe              ||     1
Dodge: Dodged            ||     9
